 Dungeon Crawl Stone Soup version 0.29.1-2-gbd0b4ee654 (webtiles) character file.

Game seed: 12489071372462683947

8789 DemonSlayer the Thaumaturge (level 11, -1/73 (74) HPs)
             Began as a Demonspawn Fire Elementalist on Nov 2, 2022.
             Was a Priest of Cheibriados.
             Slain by a hell rat (9 damage)
             ... on level 2 of the Lair of Beasts.
             The game lasted 00:23:09 (11684 turns).

DemonSlayer the Thaumaturge (DsFE)                 Turns: 11684, Time: 00:23:11

HP:   -1/73 (74)    AC:  8    Str: 14    XL:     11   Next: 14%
MP:   24/24         EV: 13    Int: 27    God:    Cheibriados [***...]
Gold: 268           SH:  0    Dex: 26    Spells: 7/29 levels left

rFire   + . .      SeeInvis .   l - +5 quarterstaff "Botanew" {drain, Will++ Dex+6}
rCold   + . .      Faith    .   (shield currently unavailable)
rNeg    . . .      Spirit   .   h - +2 ring mail {rF+}
rPois   .          Reflect  .   (no helmet)
rElec   .          Harm     .   (no cloak)
rCorr   .          Rampage  .   (no gloves)
Will    ++...                   (no boots)
Stlth   ++........              a - amulet of the acrobat
HPRegen 0.22/turn               v - ring of protection from cold
MPRegen 0.19/turn               A - ring of wizardry

@: about to teleport, marked, lightly drained, very slow
A: ignite blood 1, powered by death 3, demonic touch 2
a: Renounce Religion, Bend Time, Temporal Distortion


You were on level 2 of the Lair of Beasts.
You worshipped Cheibriados.
Cheibriados was most pleased with you.
You visited 3 branches of the dungeon, and saw 11 of its levels.

You collected 403 gold pieces.
You spent 135 gold pieces at shops.

Inventory:

Hand Weapons
 l - the +5 quarterstaff "Botanew" (weapon) {drain, Will++ Dex+6}
   (You found it on level 2 of the Dungeon)

   A truly terrible weapon, it drains the life of any living foe it strikes.
   Dex:       It affects your dexterity (+6).
   Will:      It greatly increases your willpower.
Missiles
 B - a throwing net
Armour
 h - a +2 ring mail of fire resistance (worn)
Jewellery
 a - an amulet of the acrobat (around neck)
 m - an amulet of reflection
 r - a ring of flight
 v - a ring of protection from cold (left hand)
 A - a ring of wizardry (right hand)
Wands
 u - a wand of iceblast (11)
Scrolls
 d - 5 scrolls of immolation {unknown}
 e - a scroll of enchant armour {unknown}
 f - 2 scrolls of fear {unknown}
 g - 4 scrolls of amnesia
 i - 5 scrolls of teleportation
 n - a scroll of magic mapping
 q - 2 scrolls of blinking {unknown}
 w - 2 scrolls of silence
 y - a scroll of torment {unknown}
 z - a scroll of enchant weapon {unknown}
Potions
 b - a potion of resistance {unknown}
 c - 2 potions of ambrosia {unknown}
 j - 2 potions of flight
 k - 2 potions of lignification
 o - 2 potions of mutation {unknown}
 p - 3 potions of might
 s - a potion of attraction {unknown}
 x - a potion of haste {unknown}


   Skills:
 + Level 2.9 Fighting
 + Level 4.9 Staves
 + Level 5.0 Armour
 + Level 3.3 Dodging
 + Level 3.3 Stealth
 + Level 9.7 Spellcasting
 + Level 3.1 Conjurations
 + Level 9.4 Fire Magic


You had 7 spell levels left.
You knew the following spells:

 Your Spells              Type           Power      Damage    Failure   Level
a - Foxfire               Conj/Fire      100%       2x1d9     1%          1
b - Scorch                Fire           100%       2d10      1%          2
c - Ignite Poison         Fire/Tmut/Pois 30%        N/A       2%          3
d - Conjure Flame         Conj/Fire      47%        6-21      1%          3
e - Sticky Flame          Conj/Fire      47%        2d6       2%          4
f - Flame Wave            Conj/Fire      47%        2d12      2%          4
g - Blink                 Tloc           26%        N/A       5%          2
h - Confusing Touch       Hex            13%        N/A       11%         3

Your spell library contained the following spells:

 Spells                   Type           Power      Damage    Failure   Level
 Inner Flame              Hex/Fire       38%        N/A       1%          3
 Static Discharge         Conj/Air       21%        3-6/arc   2%          2
 Beastly Appendage        Tmut           26%        N/A       3%          1
 Wereblood                Tmut           13%        N/A       5%          2
 Lesser Beckoning         Tloc           13%        N/A       11%         3
 Spider Form              Tmut/Pois      13%        N/A       11%         3
 Lightning Bolt           Conj/Air       10%        1d23      43%         5
 Manifold Assault         Tloc           13%        N/A       65%         5
 Yara's Violent Unravell  Hex/Tmut       6%         3d5       65%         5
 Enfeeble                 Hex            6%         N/A       100%        7
 Maxwell's Capacitive Co  Air            6%         ∞         100%        8


Dungeon Overview and Level Annotations

Branches:
Dungeon (8/15)             Temple (1/1) D:5            Lair (2/5) D:8
 Spider (0/4) Lair:2
  Swamp: Lair:2-3    Shoals: Lair:2-3

Altars:
Ashenzari
Cheibriados
Dithmenos
Fedhas
Gozag
Hepliaklqana
Kikubaaqudgha
Makhleb
Nemelex Xobeh
Qazlal
Ru
Sif Muna
Trog
Uskayaw
Vehumet
Xom
Yredelemnul

Shops:
D:8 *

Portals:
Abyss: Lair:2

Annotations:
D:5 2 runed translucent doors, Arctor's ghost, novice MiFi
Lair:1 1 runed translucent door
Lair:2 croobank's ghost, journeyman FeSu


Innate Abilities, Weirdness & Mutations

Your demonic aura sometimes causes spilled blood to erupt in flames.
You regenerate a lot of health from kills.
Your touch may inflict irresistible damage on your foes.


Message History

A wyvern comes into view.
The culicivora misses you.
A hell rat comes into view.
A bullfrog comes into view.
The culicivora bites you!
The culicivora draws strength from your injuries!
The wyvern is sucked into a shaft!
The shaft crumbles and collapses.
The culicivora attacks as you move away!
The culicivora misses you. 3 hell rats come into view.
The culicivora completely misses you. x2; The hell rat barely misses you.
A cane toad comes into view.
The culicivora bites you!
The culicivora draws strength from your injuries!
The hell rat moves out of view.
As you read the scroll labelled FUKHEU PEOQUE, it crumbles to dust.
You feel strangely unstable.
It was a scroll of teleportation.
The culicivora bites you.
The culicivora draws strength from your injuries!
The hell rat bites you.
You feel drained. The culicivora completely misses you.
The culicivora bites you!
The culicivora draws strength from your injuries!
The bullfrog hits you.
Okay, then.
Okay, then.
Okay, then.
The hell rat attacks as you move away! The hell rat bites you.
The culicivora attacks as you move away!
The culicivora misses you. The hell rat bites you!
* * * LOW HITPOINT WARNING * * *
The culicivora completely misses you. The hell rat closely misses you.
The hell rat completely misses you. The bullfrog completely misses you.
The hell rat is engulfed in blazing flames.
The hell rat completely misses you.
You feel better. The culicivora bites you!
* * * LOW HITPOINT WARNING * * *
The culicivora draws strength from your injuries!
The culicivora bites the fungus.
The fungus begins to die.
A water moccasin comes into view.
The hell rat bites you!
You die...

,*,,*,**,#..#*,3∩##....###*,,****
,,,,**,*##...###i.#......,,#,,**
,,,,,***.......####....#*,..,,,*
,,,,,,,,........©...?.##*†..,,**
,,,,,,,,..........(....#....,**
**,,,,,*.#......##.......#*,*****
**,,,,,,.......r.#....#..##***,,,
**,>,,,......#r#ss#......#**,,,,
***,,,,,.......r@rs..#P..##*,*,,,
,*,,,,,,(........FP#.S..## **,,,,
,,,,,,,,(.........###..#.# **,,,
,,**,,,,(......F..#*,..### *,,,,
,,,*,,,,....##....#,,F.# **,,,*
,,*,,,,,,...*#.#..#*,.##* *,,,,*
,,***,,,,.,,#.....#,,##,****,,,,*
,,,*,,,,,,,,#......,****,,,,,,,,*
,,,,,,,,*,,,,,,,,,,,**,,,,,,,,,,,


You could see 3 culicivoras, a cane toad, a water moccasin, a bullfrog and 4
hell rats.

Vanquished Creatures
  A hydra (Lair:1)
  A two-headed ogre (D:4)
  Joseph (D:7)
  3 cane toads (Lair:1)
  Maggie (D:7)
  A rime drake (Lair:1)
  3 komodo dragons
  9 yaks (Lair:1)
  2 basilisks (Lair:1)
  Edmund (D:5)
  A water moccasin (D:7)
  6 ice beasts
  A sky beast (D:7)
  3 orc warriors (D:7)
  3 black bears
  A centaur (D:8)
  A kobold brigand (D:8)
  6 bullfrogs
  2 necrophages
  7 wights
  9 killer bees
  2 hounds
  A jelly (D:4)
  3 orc priests
  Terence (D:2)
  4 iguanas
  8 orc wizards
  Robin (D:2)
  3 gnolls (D:5)
  9 adders
  2 white imps
  2 worms
  4 dart slugs
  21 orcs
  5 endoplasms
  2 giant cockroaches
  11 goblins
  5 hobgoblins
  7 quokkas
  4 ball pythons (D:4)
  6 bats
  3 frilled lizards
  7 kobolds
  3 rats
177 creatures vanquished.

Vanquished Creatures (others)
  168 foxfires
  2 fungi (Lair:1)
  3 plants (D:8)
173 creatures vanquished.

Grand Total: 350 creatures vanquished

Notes
Turn   | Place    | Note
-------+----------+-------------------------------------------
     0 | D:1      | DemonSlayer the Demonspawn Fire Elementalist began the
                  | quest for the Orb.
     0 | D:1      | Reached XP level 1. HP: 13/13 MP: 3/3
   574 | D:1      | Found a faded altar of an unknown god.
   619 | D:1      | Gained mutation: Your demonic aura sometimes causes spilled
                  | blood to erupt in flames. [demonic ancestry]
   619 | D:1      | Reached XP level 2. HP: 19/19 MP: 1/5
   622 | D:1      | Learned a level 2 spell: Scorch
  1071 | D:2      | Noticed Robin
  1300 | D:2      | Reached XP level 3. HP: 18/24 MP: 0/6
  1847 | D:2      | Learned a level 3 spell: Ignite Poison
  1952 | D:2      | Identified the +5 quarterstaff "Botanew" {drain, Will++
                  | Dex+6}
  2396 | D:2      | Killed Robin
  2409 | D:2      | Reached XP level 4. HP: 22/30 MP: 2/7
  2772 | D:2      | Noticed Terence
  2775 | D:2      | Killed Terence
  2875 | D:3      | Found a burning altar of Makhleb.
  3069 | D:3      | Found a radiant altar of Vehumet.
  3070 | D:3      | Found a hazy altar of Hepliaklqana.
  3590 | D:3      | Reached skill level 1 in Staves
  3590 | D:3      | Gained mutation: You regenerate a little health from kills.
                  | [demonic ancestry]
  3590 | D:3      | Reached XP level 5. HP: 35/35 MP: 5/9
  3629 | D:3      | Learned a level 3 spell: Conjure Flame
  3826 | D:4      | Noticed a black bear
  3827 | D:4      | Noticed an ice beast
  3841 | D:4      | Killed a black bear
  3842 | D:4      | Gained mutation: You regenerate health from kills. [demonic
                  | ancestry]
  3842 | D:4      | Reached XP level 6. HP: 42/42 MP: 0/10
  3845 | D:4      | Killed an ice beast
  3846 | D:4      | Reached skill level 1 in Armour
  4252 | D:4      | Identified the +8 spear "Veilatel" {vorpal, Fragile Will+
                  | SInv}
  4274 | D:4      | Noticed a two-headed ogre
  4280 | D:4      | Killed a two-headed ogre
  4281 | D:4      | Reached skill level 1 in Fighting
  4281 | D:4      | Reached XP level 7. HP: 27/48 MP: 0/13
  4429 | D:4      | Learned a level 4 spell: Sticky Flame
  4754 | D:5      | Entered Level 5 of the Dungeon
  4775 | D:5      | Found a staircase to the Ecumenical Temple.
  4790 | Temple   | Entered the Ecumenical Temple
  4863 | D:5      | Reached XP level 8. HP: 44/54 MP: 3/14
  5042 | D:5      | Reached skill level 5 in Fire Magic
  5289 | D:5      | Found a runed translucent door.
  5291 | D:5      | Noticed Arctor's ghost (novice MiFi)
  5506 | D:5      | Reached skill level 5 in Spellcasting
  5699 | D:5      | Found a runed translucent door.
  5725 | D:5      | Noticed Edmund
  5738 | D:5      | Killed Edmund
  6434 | D:5      | Learned a level 4 spell: Flame Wave
  7123 | D:6      | Found a stormy altar of Qazlal.
  7207 | D:6      | Found a snail-covered altar of Cheibriados.
  7648 | D:6      | Became a worshipper of Cheibriados the Contemplative
  7818 | D:6      | Found a sacrificial altar of Ru.
  8098 | D:7      | Noticed Joseph
  8103 | D:7      | Killed Joseph
  8104 | D:7      | Gained mutation: Your touch may inflict minor irresistible
                  | damage on your foes. [demonic ancestry]
  8104 | D:7      | Reached XP level 9. HP: 52/61 MP: 6/18
  8232 | D:7      | Reached * piety under Cheibriados
  8375 | D:7      | Noticed Maggie
  8390 | D:7      | Killed Maggie
  9127 | D:7      | Gained mutation: Your touch may inflict irresistible damage
                  | on your foes. [demonic ancestry]
  9127 | D:7      | Reached XP level 10. HP: 68/68 MP: 21/21
  9150 | D:7      | Learned a level 2 spell: Blink
  9154 | D:7      | Learned a level 3 spell: Confusing Touch
  9190 | D:8      | Reached ** piety under Cheibriados
  9281 | D:8      | Found a staircase to the Lair.
  9557 | D:8      | Found a blossoming altar of Fedhas.
  9580 | D:8      | Found Poqaori's Assorted Antiques.
  9588 | D:8      | Bought a scroll labelled YPIATO MUOPSU for 27 gold pieces
  9588 | D:8      | Bought a scroll labelled VEOSUEHAUR for 27 gold pieces
  9588 | D:8      | Bought 3 scrolls labelled SIOC HUITROSM for 81 gold pieces
 10316 | Lair:1   | Entered Level 1 of the Lair of Beasts
 10484 | Lair:1   | Noticed a cane toad
 10490 | Lair:1   | Killed a cane toad
 10883 | Lair:1   | Found a runed translucent door.
 11346 | Lair:1   | Noticed a cane toad
 11358 | Lair:1   | Killed a cane toad
 11358 | Lair:1   | Reached *** piety under Cheibriados
 11359 | Lair:1   | Gained mutation: You regenerate a lot of health from kills.
                  | [demonic ancestry]
 11359 | Lair:1   | Reached XP level 11. HP: 43/74 MP: 15/24
 11543 | Lair:1   | Noticed a seven-headed hydra
 11550 | Lair:1   | Killed a seven-headed hydra
 11551 | Lair:1   | Reached skill level 5 in Armour
 11665 | Lair:1   | You fall into a shaft and drop 1 floor!
 11665 | Lair:2   | Noticed croobank's ghost (journeyman FeSu)
 11665 | Lair:2   | Found a one-way gate to the infinite horrors of the Abyss.
 11684 | Lair:2   | Slain by a hell rat

Illustrated notes

Levels and vault maps discovered:
D:1:      mrwooster_arrival_statue_3, layout_basic,
          shapermc_ecumenical_altar_venn
D:2:      layout_loops_cross, uniq_terence, uniq_robin
D:3:      layout_basic, lemuel_doored_altar, nicolae_overflow_hidden_temple
D:4:      layout_rooms
D:5:      layout_rooms, minmay_temple_entry_statues_pillars,
          ebering_ghost_sewer_f, serial_corexii_hall, corexii_hall_statues_x,
          chequers_hall_statues_y, kennysheep_another_room, moated_statue,
          uniq_edmund
D:6:      layout_basic, cheibrodos_worm_habitat, nicolae_ru_path_of_blood,
          nicolae_qazlal_general_emergency
D:7:      layout_rooms, uniq_joseph, uniq_maggie
D:8:      layout_basic, mainiacjoe_overflow_brackets, david_lair_shrubbed,
          serial_shops, nicolae_stop_n_shop_1, amcnicky_mini_pool_small
Temple:   nicolae_temple_ecumenical_triangle
Lair:1:   dreamdust_labyrinth, layout_chaotic_city
Lair:2:   layout_misc_corridors, hellmonk_spider_entry_life_and_decay,
          gammafunk_ghost_abyssal_escape, lemuel_old_faithful, lemuel_fruit_tree

Skill      XL: |  1  2  3  4  5  6  7  8  9 10 11 |
---------------+----------------------------------+-----
Fire Magic     | 3 4 6 7 9 |  9.4
Dodging        | 2 3 |  3.3
Conjurations   | 2 3 |  3.1
Stealth        | 2 3 |  3.3
Spellcasting   | 3 4 6 7 9 |  9.7
Staves         | 1 3 4 |  4.9
Armour         | 2 3 4 5 |  5.0
Fighting       | 1 2 |  2.9

Action                   |  1- 3 |  4- 6 |  7- 9 | 10-12 || total
-------------------------+-------+-------+-------+-------++-------
Melee: Dagger            |    10 |       |       |       ||    10
       Quarterstaff      |    15 |    27 |    77 |    28 ||   147
 Cast: Foxfire           |    64 |    37 |       |     7 ||   108
       Scorch            |     5 |     8 |   135 |    97 ||   245
       Conjure Flame     |       |     1 |       |       ||     1
       Sticky Flame      |       |       |       |     1 ||     1
Evoke: Wand              |       |       |       |     1 ||     1
  Use: Potion            |     1 |     1 |     4 |     5 ||    11
       Scroll            |       |     6 |     4 |     2 ||    12
 Stab: Sleeping          |     2 |     5 |       |     1 ||     8
Armor: Robe              |     4 |       |       |       ||     4
       Leather armour    |     5 |     5 |     3 |       ||    13
       Ring mail         |       |       |    30 |    18 ||    48
Dodge: Dodged            |    21 |    18 |    89 |    57 ||   185
